 Dungeon Sprint DCSS version 0.19.5 (webtiles) character file.

17111 strmesko the Shatterer (level 12, 0/133 HPs)
             Began as a Troll Berserker on Mar 19, 2017.
             Was the Champion of Trog.
             Slain by a slime creature (20 damage)
             ... in the Dungeon (Sprint IX: "|||||||||||||||||||||||||||||").
             The game lasted 00:22:28 (1537 turns).

strmesko the Shatterer (Troll Berserker)            Turns: 1537, Time: 00:22:28

Health: 0/133      AC:  6    Str: 35    XL:     12   Next: 16%
Magic:  3/3        EV: 10    Int:  4    God:    Trog [******]
Gold:   1680       SH:  0    Dex:  9    Spells: 0 memorised, 11 levels left

rFire  + + .     SeeInvis .     m - +7 giant club (antimagic)
rCold  . . .     Gourm    +     a - +0 robe of Cayppic {rPois rF+ Regen+ Str+4}
rNeg   . . .     Faith    .     (shield currently unavailable)
rPois  +         Spirit   .     (helmet restricted)
rElec  .         Reflect  .     o - +0 cloak {rPois}
rCorr  .         Harm     .     (gloves unavailable)
MR     +....     NoTele   +     (boots unavailable)
Stlth  +.........               (no amulet)
                                D - ring of protection from magic
                                C - ring of protection from fire

@: exhausted, slowed, very slow
A: unfitting armour, claws 3, fast metabolism 3, gourmand, regeneration 1,
shaggy fur 1, tough skin 2
a: Berserk, Trog's Hand, Brothers in Arms, Burn Spellbooks, Renounce Religion


You were in the Dungeon.
You worshipped Trog.
Trog was exalted by your worship.
You were full.

You visited 1 branch You collected 1923 gold pieces.
You spent 243 gold pieces at shops.

Inventory:

Hand Weapons
 m - a +7 antimagic giant club (weapon)
 t - the +3 giant spiked club of Haimoir {freeze, MR+}
   (Trog gifted it to you in the Dungeon)

   It has been specially enchanted to freeze those struck by it, causing extra
   injury to most foes and up to half again as much damage against particularly
   susceptible opponents.
   It can also slow down cold-blooded creatures.
   It affects your resistance to hostile enchantments.
Armour
 a - the +0 robe of Cayppic (worn) {rPois rF+ Regen+ Str+4}
   (You found it in the Dungeon)

   It affects your strength (+4).
   It protects you from fire.
   It protects you from poison.
   It increases your rate of regeneration.
 o - a +0 cloak of poison resistance (worn)
Jewellery
 n - a +2 ring of evasion
 C - a ring of protection from fire (left claw)
 D - a ring of protection from magic (right claw)
 E - an uncursed ring of ice
Wands
 l - a wand of lightning (7/15)
 y - a wand of slowing (22/48)
Scrolls
 i - 2 scrolls of blinking
 k - 4 scrolls of remove curse
 p - 5 scrolls of enchant weapon
 q - a scroll of fear
 r - 2 scrolls of fog
 s - 3 scrolls of recharging
 u - 6 scrolls of identify
Potions
 b - a potion of agility
 d - 7 potions of curing
 e - 8 potions of heal wounds
 f - a potion of haste
 g - 5 potions of magic
 h - a potion of berserk rage
 j - a potion of invisibility
 x - a potion of ambrosia {unknown}
 z - 2 potions of degeneration
 A - a potion of might
 F - a potion of cure mutation
 G - 3 potions of resistance
Comestibles
 c - 14 bread rations
 v - 40 fruits
 w - 12 meat rations


   Skills:
 + Level 12.4 Fighting
 + Level 23.0 Maces & Flails
 - Level 2.4 Dodging


You had 11 spell levels left.
You didn't know any spells.

Dungeon Overview and Level Annotations

Branches:
Dungeon (1/1)

Altars:
Cheibriados
Dithmenos
Elyvilon
Fedhas
Gozag
Hepliaklqana
Kikubaaqudgha
Makhleb
Nemelex Xobeh
Okawaru
Qazlal
Ru
Sif Muna
Trog
Uskayaw
Vehumet
Xom
Yredelemnul
Zin
The Shining One
Beogh
Jiyva
Lugonu

Shops:
D ![*?


Innate Abilities, Weirdness & Mutations

You are too large for most types of armour.
You have claws for hands.
Your metabolism is lightning-fast.
You like to eat raw meat.
Your natural rate of healing is unusually fast.
You are covered in fur. (AC +1)
You have very tough skin. (AC +2)


Message History

The seven-headed hydra roars!
The swamp dragon barely misses you. The swamp dragon claws you.
* * * LOW HITPOINT WARNING * * *
The swamp dragon tramples you.
* * * LOW HITPOINT WARNING * * *
You stumble backwards!
There is an open door to the Swamp, spattered with blood here.
You see here a bog body corpse.
You sock the swamp dragon!
The swamp dragon is lightly wounded.
You pound the swamp dragon like an anvil!!!
You kill the swamp dragon!
Trog accepts your kill.
Your Maces & Flails skill increases to level 23!
You see here an alligator corpse.
You feel a strong urge to attack something.
You are no longer berserk.
You are exhausted.
You feel yourself slow down. The slime creature hits you!!
You die...

▓.▓[▓.▓.▓.▓.▓.▓_
▓+▓.▓[▓.▓.▓.▓.▓.▓_
♣.♣.▓[▓.▓.▓.▓.▓.▓_
♣.♣.▓.▓.▓)▓.▓.▓.▓_
♣.♣.▓)▓.▓)▓.▓.▓.▓_
♣.♣.▓)▓.▓)▓.▓†▓.▓_
♣D♣.▓)▓.▓)▓.▓.▓.▓_
♣J♣.▓)▓.▓)▓.▓.▓.▓_
♣@♣.▓)▓.▓)▓.▓.▓.▓_
♣.♣.▓)▓.▓.▓.▓.▓.▓_
♣†♣.▓)▓.▓)▓.▓.▓.▓'
♣†♣.▓)▓.▓(▓.▓.▓.▓.
▓)▓.▓.▓.▓)▓.▓.▓.▓.
▓.▓.▓.▓.▓)▓.▓.▓.▓.
▓.▓.▓=▓.▓.▓.▓.▓.▓.
▓.▓.▓.▓.▓.▓.▓.▓.▓.
▓.▓)▓.▓.▓.▓.▓.▓.▓'


You could see a seven-headed hydra and a slime creature.

Vanquished Creatures
  2 hydras (D)
  2 centaur warriors (D)
  2 ogre magi (D)
  An alligator (D)
  A vampire mage (D)
  Nergalle (D)
  A swamp dragon (D)
  An orc knight (D)
  A shambling mangrove (D)
  A cyclops (D)
  2 spiny frogs (D)
  A komodo dragon (D)
  3 polar bears (D)
  5 two-headed ogres (D)
  A bog body (D)
  A slime creature (D)
  2 hippogriffs (D)
  A wyvern (D)
  2 yaks (D)
  A shadow (D)
  A basilisk (shapeshifter) (D)
  Grum (D)
  An insubstantial wisp (D)
  5 water moccasins (D)
  A soldier ant (D)
  A vampire mosquito (D)
  2 porcupines (D)
  5 black bears (D)
  6 orc warriors (D)
  An ice beast (D)
  6 ogres (D)
  2 wolves (D)
  2 crocodiles (D)
  3 bullfrogs (D)
  4 orc priests (D)
  3 jellies (D)
  An iguana (D)
  7 orc wizards (D)
  An adder (D)
  An adder skeleton (D)
  A leopard gecko (D)
  6 orcs (D)
  A bat skeleton (D)
  A frilled lizard (D)
  A giant cockroach zombie (D)
  A kobold (D)
  A leopard gecko skeleton (D)
  2 rats (D)
100 creatures vanquished.

Vanquished Creatures (collateral kills)
  A great orb of eyes (D)
  A rakshasa (D)
  An ice dragon (D)
  An ogre mage (D)
  A tengu warrior (D)
  A wizard (D)
  An orc knight (D)
  An orc warrior (D)
  2 ogres (D)
  A crocodile (D)
  A bullfrog (D)
12 creatures vanquished.

Grand Total: 112 creatures vanquished

Notes
Turn   | Place    | Note
-------+----------+-------------------------------------------
     0 | D        | strmesko the Troll Berserker began the quest for the Orb.
     0 | D        | Reached XP level 1. HP: 22/22 MP: 0/0
    10 | D        | Reached skill level 3 in Maces & Flails
    18 | D        | Reached ** piety under Trog
    50 | D        | Reached *** piety under Trog
    57 | D        | Reached skill level 4 in Maces & Flails
    57 | D        | Reached XP level 2. HP: 30/31 MP: 1/1
    61 | D        | Reached skill level 5 in Maces & Flails
    97 | D        | Found a roughly hewn altar of Beogh.
    97 | D        | Found a snail-covered altar of Cheibriados.
    97 | D        | Found a shadowy altar of Dithmenos.
    97 | D        | Found a white marble altar of Elyvilon.
    97 | D        | Found a blossoming altar of Fedhas.
    97 | D        | Found an opulent altar of Gozag.
    98 | D        | Found a hazy altar of Hepliaklqana.
    99 | D        | Found a viscous altar of Jiyva.
   100 | D        | Found an ancient bone altar of Kikubaaqudgha.
   101 | D        | Found a corrupted altar of Lugonu.
   102 | D        | Found a burning altar of Makhleb.
   103 | D        | Found a sparkling altar of Nemelex Xobeh.
   104 | D        | Found an iron altar of Okawaru.
   105 | D        | Found a stormy altar of Qazlal.
   106 | D        | Found a sacrificial altar of Ru.
   107 | D        | Found a deep blue altar of Sif Muna.
   108 | D        | Found a bloodstained altar of Trog.
   109 | D        | Found a hide-covered altar of Uskayaw.
   110 | D        | Found a radiant altar of Vehumet.
   111 | D        | Found a shimmering altar of Xom.
   112 | D        | Found a basalt altar of Yredelemnul.
   113 | D        | Found a glowing silver altar of Zin.
   114 | D        | Found a glowing golden altar of the Shining One.
   155 | D        | Noticed a bullfrog
   155 | D        | Noticed a two-headed ogre
   155 | D        | Noticed a yak
   155 | D        | Noticed an ogre
   159 | D        | Killed an ogre
   159 | D        | Reached **** piety under Trog
   159 | D        | Reached skill level 8 in Maces & Flails
   159 | D        | Reached XP level 3. HP: 35/37 MP: 2/2
   159 | D        | Reached XP level 4. HP: 43/45 MP: 3/3
   160 | D        | Reached skill level 9 in Maces & Flails
   162 | D        | Reached XP level 5. HP: 52/53 MP: 4/4
   168 | D        | Killed a yak
   168 | D        | Reached skill level 11 in Maces & Flails
   168 | D        | Reached XP level 6. HP: 61/61 MP: 5/5
   170 | D        | Killed a two-headed ogre
   170 | D        | Reached skill level 13 in Maces & Flails
   171 | D        | Reached ***** piety under Trog
   171 | D        | Reached XP level 7. HP: 67/67 MP: 6/6
   195 | D        | Noticed a five-headed hydra
   195 | D        | Noticed a centaur warrior
   204 | D        | Reached skill level 14 in Maces & Flails
   216 | D        | Killed a centaur warrior
   216 | D        | Reached skill level 16 in Maces & Flails
   216 | D        | Reached XP level 8. HP: 48/75 MP: 7/7
   231 | D        | Killed a five-headed hydra
   231 | D        | Reached skill level 17 in Maces & Flails
   231 | D        | Reached XP level 9. HP: 75/81 MP: 8/8
   390 | D        | Noticed a spiny frog
   399 | D        | Killed a spiny frog
   399 | D        | Reached skill level 18 in Maces & Flails
   408 | D        | Received a gift from Trog
   433 | D        | Reached skill level 19 in Maces & Flails
   438 | D        | Got a slimy giant spiked club {god gift}
   439 | D        | Identified the +3 giant spiked club of Haimoir {freeze, MR+} (Trog gifted it to you in the Dungeon)
   471 | D        | Noticed a spiny frog
   471 | D        | Noticed a komodo dragon
   477 | D        | Killed a komodo dragon
   480 | D        | Killed a spiny frog
   480 | D        | Reached XP level 10. HP: 93/93 MP: 9/9
   486 | D        | Reached ****** piety under Trog
   493 | D        | Received a gift from Trog
   499 | D        | Reached skill level 5 in Fighting
   570 | D        | Reached skill level 20 in Maces & Flails
   582 | D        | Received a gift from Trog
   585 | D        | Received a gift from Trog
   741 | D        | Received a gift from Trog
   745 | D        | Received a gift from Trog
   827 | D        | Noticed an orc knight
   839 | D        | Killed an orc knight
   839 | D        | Received a gift from Trog
   850 | D        | Noticed an orc knight
   860 | D        | Received a gift from Trog
   865 | D        | Killed an orc knight
   865 | D        | Reached skill level 21 in Maces & Flails
   892 | D        | Found Gokyriy Ynwe's Magic Scroll Boutique.
   892 | D        | Noticed an ogre mage
   894 | D        | Noticed an ogre mage
   897 | D        | Killed an ogre mage
   897 | D        | Reached XP level 11. HP: 34/111 MP: 3/10
   903 | D        | Received a gift from Trog
   905 | D        | Killed an ogre mage
  1001 | D        | Found Katumagu's Assorted Antiques.
  1004 | D        | Found Mucecogrya's Antique Armour Boutique.
  1005 | D        | Noticed an ogre mage
  1006 | D        | Found Paom Epu's Distillery.
  1008 | D        | Killed an ogre mage
  1016 | D        | Received a gift from Trog
  1041 | D        | Bought a scroll of identify for 20 gold pieces
  1041 | D        | Bought a scroll of identify for 20 gold pieces
  1041 | D        | Bought a scroll of identify for 20 gold pieces
  1041 | D        | Bought a scroll of identify for 20 gold pieces
  1041 | D        | Bought a scroll of enchant weapon for 75 gold pieces
  1043 | D        | Bought a black potion for 18 gold pieces
  1048 | D        | Bought a potion of degeneration for 14 gold pieces
  1048 | D        | Bought a potion of might for 56 gold pieces
  1130 | D        | Noticed Grum
  1137 | D        | Killed Grum
  1234 | D        | Got the +0 robe of Cayppic {rPois rF+ Regen+ Str+4}
  1276 | D        | Noticed a centaur warrior
  1284 | D        | Received a gift from Trog
  1284 | D        | Reached skill level 22 in Maces & Flails
  1286 | D        | Noticed an ice dragon
  1290 | D        | Noticed a tengu warrior
  1293 | D        | Killed a centaur warrior
  1293 | D        | Reached skill level 10 in Fighting
  1298 | D        | Noticed a great orb of eyes
  1301 | D        | Noticed a rakshasa
  1302 | D        | Killed an ice dragon
  1302 | D        | Received a gift from Trog
  1304 | D        | Killed a tengu warrior
  1318 | D        | Killed a great orb of eyes
  1324 | D        | Killed a rakshasa
  1335 | D        | Noticed a wizard
  1340 | D        | Killed a wizard
  1343 | D        | Noticed a vampire mage
  1355 | D        | Killed a vampire mage
  1355 | D        | Received a gift from Trog
  1435 | D        | Noticed Nergalle
  1444 | D        | Killed Nergalle
  1507 | D        | Noticed an alligator
  1507 | D        | Noticed a shambling mangrove
  1507 | D        | Noticed a five-headed hydra
  1512 | D        | Noticed a swamp dragon
  1516 | D        | Killed a five-headed hydra
  1517 | D        | Received a gift from Trog
  1517 | D        | Reached XP level 12. HP: 80/132 MP: 3/11
  1531 | D        | Killed an alligator
  1532 | D        | Noticed a seven-headed hydra
  1534 | D        | Reached skill level 23 in Maces & Flails
  1537 | D        | Slain by a slime creature

Skill      XL: |  1  2  3  4  5  6  7  8  9 10 11 12 |
---------------+-------------------------------------+-----
Maces & Flails | 4 8 9 11 13 16 17 19 21 22 23 | 23.0
Fighting       | 3 4 7 11 12 | 12.4
Dodging        | |  2.4

Action                   |  1- 3 |  4- 6 |  7- 9 | 10-12 || total
-------------------------+-------+-------+-------+-------++-------
Melee: Mace              |    39 |       |       |       ||    39
       Dire flail        |     3 |    10 |    67 |       ||    80
       Giant spiked club |       |       |     8 |    17 ||    25
       Giant club        |       |       |       |   142 ||   142
       Unarmed           |       |       |       |     5 ||     5
Invok: Berserk           |     2 |       |     3 |     5 ||    10
       Brothers in Arms  |       |       |     1 |     4 ||     5
  Use: Potion            |       |       |     1 |       ||     1
  Eat: Chunk             |     3 |       |    10 |    14 ||    27
Armor: Animal skin       |    11 |     2 |     8 |    30 ||    51
       Robe              |       |       |       |     4 ||     4
Dodge: Dodged            |    22 |     2 |    19 |    63 ||   106
